 Dungeon Crawl Stone Soup version 0.22-a0 (webtiles) character file.

6703 Gorglomux the Fighter (level 10, 0/97 (99) HPs)
             Began as a White Draconian Arcane Marksman on Dec 31, 2017.
             Was an Initiate of Gozag.
             Slain by an unseen horror (6 damage)
             ... on level 10 of the Dungeon.
             The game lasted 00:20:43 (13569 turns).

Gorglomux the Fighter (DrAM)                       Turns: 13569, Time: 00:20:44

HP:   0/97 (99)     AC:  7    Str: 12    XL:     10   Next: 74%
MP:   11/11         EV: 12    Int: 13    God:    Gozag
Gold: 1239          SH:  0    Dex: 16    Spells: 10/11 levels left

rFire    . . .     SeeInvis .   a - +0 shortbow
rCold    + + .     Gourm    .   (shield currently unavailable)
rNeg     . . .     Faith    .   (armour unavailable)
rPois    .         Spirit   .   (helmet restricted)
rElec    .         Reflect  .   (no cloak)
rCorr    .         Harm     .   (no gloves)
MR       +....                  (no boots)
Stlth    +.........             (no amulet)
HPRegen  0.26/turn              m - ring of protection from magic
MPRegen  0.12/turn              c - ring of protection from cold

@: lethally poisoned (0 -> -9)
A: breathe frost, unfitting armour, cold resistance 1, cold-blooded, AC +7
a: Breathe Frost, Potion Petition, Call Merchant, Bribe Branch, Renounce
Religion


You were on level 10 of the Dungeon.
You worshipped Gozag.
Gozag was most pleased with you.
You were not hungry.

You visited 2 branches of the dungeon, and saw 11 of its levels.

You collected 1335 gold pieces.
You paid 96 gold pieces to Gozag.

Inventory:

Hand Weapons
 a - a +0 shortbow (weapon)
 b - a +1 short sword of venom
 q - a +3 dagger of protection
Missiles
 L - 56 arrows (quivered)
Jewellery
 c - a ring of protection from cold (right hand)
 m - a ring of protection from magic (left hand)
 p - an uncursed ring of magical power
Wands
 A - a wand of acid (8)
 D - a wand of digging (15)
 O - a wand of clouds (4)
 P - a wand of paralysis (14)
 X - a wand of disintegration (14)
Scrolls
 J - a scroll of magic mapping {unknown}
 K - a scroll of vulnerability {unknown}
 S - 3 scrolls of immolation
 Z - 4 scrolls of remove curse
Potions
 u - 4 potions of flight
 v - 3 potions of mutation
 H - a potion of lignification {unknown}
 I - 2 potions of might
 M - a potion of haste
 N - a potion of ambrosia
 Q - 6 potions of curing
 T - 3 potions of brilliance
 U - a potion of magic
 V - 4 potions of heal wounds
 W - a potion of cancellation
Books
 e - a book of Debilitation

   Spells                             Type                      Level
   a - Corona                         Hexes                        1
   b - Slow                           Hexes                        2
   c - Inner Flame                    Hexes/Fire                   3
   d - Portal Projectile              Hexes/Translocation          3
   e - Cause Fear                     Hexes                        4
   f - Leda's Liquefaction            Hexes/Earth                  4
 G - a book of Misfortune

   Spells                             Type                      Level
   a - Confusing Touch                Hexes                        1
   b - Confuse                        Hexes                        3
   c - Gell's Gravitas                Translocation                3
   d - Petrify                        Transmutation/Earth          4
   e - Metabolic Englaciation         Hexes/Ice                    5
   f - Yara's Violent Unravelling     Hexes/Transmutation          5
 Y - a book of Changes

   Spells                             Type                      Level
   a - Beastly Appendage              Transmutation                1
   b - Sticks to Snakes               Transmutation                2
   c - Spider Form                    Transmutation/Poison         3
   d - Ice Form                       Ice/Transmutation            4
   e - Blade Hands                    Transmutation                5
Comestibles
 d - 13 rations


   Skills:
 + Level 12.4 Fighting
 + Level 10.8 Bows
 - Level 1.7 Dodging
 - Level 1.0 Spellcasting
 - Level 2.6 Hexes


You had 10 spell levels left.
You knew the following spells:

 Your Spells              Type           Power        Failure   Level  Hunger
a - Corona                Hex            #......      10%         1    ##.....


Dungeon Overview and Level Annotations

Branches:
Dungeon (10/15)            Temple (1/1) D:5            Lair (0/6) D:10
    Orc: D:9-12

Altars:
Ashenzari
Cheibriados
Dithmenos
Elyvilon
Fedhas
Gozag
Hepliaklqana
Kikubaaqudgha
Makhleb
Nemelex Xobeh
Okawaru
Qazlal
Ru
Sif Muna
Trog
Uskayaw
Vehumet
Wu Jian
Xom
Yredelemnul
Zin
The Shining One

Shops:
D:7 :%}

Annotations:
D:5 Gorglomux's ghost, novice DrAM
D:8 Nattefrost's ghost, novice MfBe


Innate Abilities, Weirdness & Mutations

You can breathe waves of freezing cold.
You can buffet flying creatures when you breathe cold.
Your icy white scales are hard. (AC +7)
You cannot fit into any form of body armour.
Your flesh is cold resistant. (rC+)
You are cold-blooded and may be slowed by cold attacks.


Message History

Something completely misses you! Something hits you but does no damage!
The kobold unwields an uncursed short sword!
The kobold wields a blowgun!
The kobold shoots a poisoned needle!
The poisoned needle hits you!!!
You are poisoned!
You see here a poisoned butt!
Butt hit something but do no damage!
You feel sick! Something hits you! * * * don't butt
* * * The kobold shoots a poisoned needle!
The poisoned needle hits you!!!
Butt are butt poisoned!
Unknown command!
You feel sick! Something hits you but does no damage!
There is a stone staircase leading up here!
Unknown command!
You butt sick!
Something hits you!!! * * * don't die
* * * Something hits you! rip Your body crumbles into a pile of gold!

##..## ##..# ##.# ####.#####
##... #........# ##...#
##).......###....#
#................##
#.................#
##................####
#..........@(.......# #
##............K....# #
###.................##
####....................#
.##............(.)...KK.##
.#.).)................K..#
...).....................##
..#.......................#
..###....................K.K#


You could see a big kobold and 3 kobolds.

Vanquished Creatures
  A two-headed ogre (D:8)
  A centaur zombie (D:9)
  3 trolls
  Grinder (D:3)
  4 hippogriffs
  Edmund (D:4)
  The ghost of Oozefury the Changer, an amateur KoTm (D:3)
  A black bear (D:10)
  An eye of draining (D:9)
  3 sky beasts
  2 orc warriors (D:8)
  2 ice beasts (D:6)
  2 necrophages
  An ogre (D:10)
  2 centaurs
  2 crocodiles
  6 bullfrogs
  4 scorpions
  3 killer bees (D:8)
  2 howler monkeys
  9 crimson imps
  2 jellies
  4 orc priests
  7 orc wizards
  2 bullfrog skeletons
  8 hounds
  A centaur skeleton (D:10)
  Terence (D:3)
  2 iguanas
  8 worker ants
  2 hound zombies
  A worker ant zombie (D:9)
  11 adders
  11 gnolls
  2 shadow imps
  2 oozes (D:1)
  2 adder skeletons
  2 adder zombies
  3 worms
  3 dart slugs
  4 leopard geckos
  31 orcs
  2 ball pythons
  4 giant cockroaches
  9 goblins
  7 hobgoblins
  21 jackals
  3 quokkas
  8 bats
  5 frilled lizards
  A jackal skeleton (D:6)
  6 kobolds
  A quokka skeleton (D:4)
  7 rats
235 creatures vanquished.

Vanquished Creatures (others)
  Maurice (D:8)
  5 dream sheep (D:8)
6 creatures vanquished.

Grand Total: 241 creatures vanquished

Notes
Turn   | Place    | Note
-------+----------+-------------------------------------------
     0 | D:1      | Gorglomux the Draconian Arcane Marksman began the quest for the Orb.
     0 | D:1      | Reached XP level 1. HP: 16/16 MP: 2/2
   106 | D:1      | Reached XP level 2. HP: 18/24 MP: 3/3
   114 | D:1      | Reached skill level 2 in Fighting
   273 | D:1      | Reached XP level 3. HP: 23/30 MP: 4/4
  1504 | D:2      | Reached skill level 3 in Fighting
  1504 | D:2      | Reached skill level 3 in Bows
  1683 | D:2      | Reached XP level 4. HP: 37/38 MP: 5/5
  2530 | D:3      | Noticed Grinder
  2541 | D:3      | Killed Grinder
  2541 | D:3      | Reached skill level 4 in Fighting
  2541 | D:3      | Reached XP level 5. HP: 31/47 MP: 6/6
  2541 | D:3      | Reached XP level 6. HP: 37/55 MP: 7/7
  2666 | D:3      | Reached skill level 5 in Fighting
  2768 | D:3      | Noticed Oozefury's ghost (amateur KoTm)
  2809 | D:3      | Killed Oozefury's ghost
  3111 | D:3      | Noticed Terence
  3123 | D:3      | Killed Terence
  3323 | D:3      | Your scales start taking on an icy white colour.
  3323 | D:3      | Reached XP level 7. HP: 44/60 MP: 8/8
  3323 | D:3      | Gained mutation: Your flesh is cold resistant. (rC+) [White Draconian growth]
  3329 | D:3      | Reached skill level 6 in Fighting
  3691 | D:4      | Noticed Edmund
  3755 | D:4      | Killed Edmund
  4000 | D:4      | Found a sacrificial altar of Ru.
  4213 | D:4      | Reached skill level 6 in Bows
  4384 | D:4      | Reached skill level 7 in Fighting
  4639 | D:4      | Reached XP level 8. HP: 60/71 MP: 9/9
  4943 | D:5      | Entered Level 5 of the Dungeon
  5163 | D:5      | Noticed Gorglomux's ghost (novice DrAM)
  5649 | D:5      | Found a bloodstained altar of Trog.
  6174 | D:5      | Reached skill level 8 in Fighting
  6564 | D:5      | Found a blossoming altar of Fedhas.
  6664 | D:5      | Found a burning altar of Makhleb.
  6665 | D:5      | Found a radiant altar of Vehumet.
  6712 | D:5      | Found a staircase to the Ecumenical Temple.
  6723 | Temple   | Entered the Ecumenical Temple
  6784 | Temple   | Became a worshipper of Gozag Ym Sagoz the Greedy
  7275 | D:6      | Reached skill level 9 in Fighting
  7520 | D:6      | Found a shattered altar of Ashenzari.
  7520 | D:6      | Found a shadowy altar of Dithmenos.
  7521 | D:6      | Found a glowing golden altar of the Shining One.
  7693 | D:6      | Reached XP level 9. HP: 65/81 MP: 10/10
  8052 | D:7      | Found a stormy altar of Qazlal.
  8096 | D:7      | Found Cejit's Gadget Boutique.
  8145 | D:7      | Found Lomomirchom's Food Boutique.
  8668 | D:7      | Found Veckep's Book Shoppe.
  9084 | D:8      | Noticed Nattefrost's ghost (novice MfBe)
  9175 | D:8      | Reached skill level 10 in Fighting
  9395 | D:8      | Noticed a two-headed ogre
  9408 | D:8      | Killed a two-headed ogre
  9408 | D:8      | Reached skill level 9 in Bows
  9738 | D:8      | Noticed a two-headed ogre
  9792 | D:7      | Reached skill level 11 in Fighting
 10466 | D:8      | Reached XP level 10. HP: 74/93 MP: 11/11
 11020 | D:8      | Found a shimmering altar of Xom.
 11020 | D:8      | Noticed Maurice
 11026 | D:8      | Killed Maurice
 12270 | D:9      | Found a basalt altar of Yredelemnul.
 12724 | D:9      | Reached skill level 12 in Fighting
 13201 | D:10     | Entered Level 10 of the Dungeon
 13213 | D:10     | Found a staircase to the Lair.
 13569 | D:10     | Slain by an unseen horror

Vault maps used:
D:1:      dpeg_arrival_signposts
D:2:      first_ration
D:3:      roderic_roman_lattice, minivault_11, st_stairs_13,
          due_unseen_surprise, uniq_grinder, uniq_terence
D:4:      nicolae_ru_sacrificial_ziggurat, uniq_edmund
D:5:      grunt_temple_overflow_lords_of_destruction, old_standard_altar,
          kennysheep_mini, temple_hall, glass_columns_b
D:6:      gammafunk_temple_overflow_claw
D:7:      nicolae_overflow_crystal_walls, serial_shops, kennysheep_mini_moat,
          nicolae_shop_crystal, nicolae_shop_behind_doors
D:8:      kb_xom_exploding_sheep, uniq_maurice
D:9:      lemuel_doored_altar
D:10:     lair_entry_dummy
Temple:   nicolae_temple_x_marks_the_god

Skill      XL: |  1  2  3  4  5  6  7  8  9 10 |
---------------+-------------------------------+-----
Bows           | 2 3 4 5 6 7 9 10 | 10.8
Fighting       | 2 3 4 5 7 9 11 12 | 12.4
Dodging        | |  1.7
Spellcasting   | |  1.0
Hexes          | |  2.6

Action                   |  1- 3 |  4- 6 |  7- 9 | 10-12 || total
-------------------------+-------+-------+-------+-------++-------
Melee: Dagger            |    58 |     4 |    50 |       ||   112
       Tailslap          |     6 |    17 |    87 |    34 ||   144
       Unarmed           |     1 |       |       |       ||     1
       Short sword       |    30 |    86 |   449 |   224 ||   789
       Shortbow          |       |       |       |     1 ||     1
 Fire: Shortbow          |    17 |    88 |    75 |    78 ||   258
 Abil: Breathe Frost     |       |       |    15 |     6 ||    21
Evoke: Wand              |       |       |     5 |     4 ||     9
  Use: Scroll            |       |     5 |     8 |     2 ||    15
 Stab: Sleeping          |     2 |     2 |     3 |       ||     7
       Distracted        |       |       |     2 |     1 ||     3
       Paralysed         |       |       |       |    18 ||    18
  Eat: Chunk             |     2 |     6 |     9 |       ||    17
       Ration            |       |       |     5 |     3 ||     8
Armor: Skin              |    30 |    54 |   162 |    95 ||   341
Dodge: Dodged            |    60 |    99 |   291 |   196 ||   646

Table legend:
 A = Spawn XP
 B = Non-spawn XP
 C = Spawn XP percentage of total XP
 D = Spawn monster count
 E = Non-spawn monster count
 F = Spawn count percentage of total count
 G = Total turns spent on level
                    A         B        C        D         E        F      G
               +---------+---------+-------+---------+---------+-------+---------
         Total |       0 |    9576 |   0.0 |       0 |     236 |   0.0 | 13569
               +---------+---------+-------+---------+---------+-------+---------
           D:1 |       0 |      73 |   0.0 |       0 |      31 |   0.0 |  1448
           D:2 |       0 |      88 |   0.0 |       0 |      27 |   0.0 |  1022
           D:3 |       0 |     736 |   0.0 |       0 |      34 |   0.0 |  1131
           D:4 |       0 |     646 |   0.0 |       0 |      26 |   0.0 |  1908
           D:5 |       0 |     496 |   0.0 |       0 |      16 |   0.0 |  1246
           D:6 |       0 |     929 |   0.0 |       0 |      26 |   0.0 |  1191
           D:7 |       0 |     861 |   0.0 |       0 |      14 |   0.0 |  1623
           D:8 |       0 |    2445 |   0.0 |       0 |      30 |   0.0 |  2183
           D:9 |       0 |    2345 |   0.0 |       0 |      22 |   0.0 |  1380
          D:10 |       0 |     957 |   0.0 |       0 |      10 |   0.0 |   368
               +---------+---------+-------+---------+---------+-------+---------
